 Dungeon Crawl Stone Soup version 0.30-a0-711-gf4ac18a38d (webtiles) character file.

Game seed: 17591927918682594409

688 Leeroy the Carver (level 7, -4/40 HPs)
             Began as a Tengu Warper on Jan 22, 2023.
             Slain by a water moccasin (5 damage)
             ... on level 6 of the Dungeon.
             The game lasted 00:07:04 (3820 turns).

Leeroy the Carver (Tengu Warper)                    Turns: 3820, Time: 00:07:05

Health: -4/40      AC:  4    Str: 12    XL:     7   Next: 62%
Magic:  11/11      EV: 14    Int: 13    God:
Gold:   315        SH:  0    Dex: 15    Spells: 1/10 levels left

rFire   . . .      SeeInvis .    a - +0 falchion
rCold   . . .      Faith    .    (no shield)
rNeg    . . .      Spirit   .    b - +0 leather armour
rPois   .          Reflect  .    (helmet restricted)
rElec   .          Harm     .    (no cloak)
rCorr   .          Rampage  .    x - +0 pair of gloves
Will    .....                    (boots unavailable)
Stlth   +                        (no amulet)
HPRegen 0.26/turn                (no ring)
MPRegen 0.12/turn                (no ring)

@: brilliant, lethally poisoned (-4 -> -17), flying quickly and evasively, quick
A: beak, talons 3, nimble flight
a: no special abilities


You were on level 6 of the Dungeon.
You visited 2 branches of the dungeon, and saw 7 of its levels.

You collected 315 gold pieces.

Inventory:

Hand Weapons
 a - a +0 falchion (weapon)
 o - a +2 dagger of venom
 u - a +0 rapier
Missiles
 d - 5 boomerangs of dispersal
 n - 5 poisoned darts
 p - 2 silver javelins (quivered)
 w - 2 boomerangs
Armour
 b - a +0 leather armour (worn)
 x - a +0 pair of gloves (worn)
Magical Staves
 t - a staff of fire
Wands
 y - a wand of paralysis (11)
Scrolls
 c - a scroll of blinking
 e - 3 scrolls of vulnerability {unknown}
 f - 2 scrolls of fear {unknown}
 h - 9 scrolls of identify {unknown}
 j - a scroll of enchant weapon {unknown}
 m - a scroll of teleportation {unknown}
 q - a scroll of immolation {unknown}
 r - 2 scrolls of fog {unknown}
 B - a scroll of poison {unknown}
 C - a scroll of brand weapon {unknown}
Potions
 g - a potion of magic {unknown}
 i - 2 potions of invisibility {unknown}
 k - 2 potions of brilliance
 l - 2 potions of ambrosia {unknown}
 s - a potion of degeneration {unknown}
 v - a potion of attraction {unknown}
 z - 2 potions of mutation {unknown}
 A - a potion of heal wounds {unknown}
 D - a potion of cancellation {unknown}


   Skills:
 - Level 2.0 Fighting
 + Level 9.2 Long Blades
 - Level 1.0 Throwing
 - Level 1.1 Armour
 - Level 2.1 Dodging
 - Level 2.0 Spellcasting
 - Level 2.4 Translocations


You had one spell level left.
You knew the following spells:

 Your Spells              Type           Power      Damage    Failure   Level
a - Blink                 Tloc           22%        N/A       19%         2
b - Vhi's Electric Charg  Tloc/Air       12%        N/A       52%         3
c - Manifold Assault      Tloc           11%        N/A       77%         4

Your spell library contained the following spells:

 Spells                   Type           Power      Damage    Failure   Level
 Shock                    Conj/Air       4%         1d3       32%         1
 Sting                    Tmut/Pois      4%         1d3       32%         1
 Lesser Beckoning         Tloc           22%        N/A       19%         2
 Teleport Other           Tloc           11%        N/A       36%         3
 Poisonous Vapours        Pois/Air       2%         N/A       43%         2
 Swiftness                Air            1%         N/A       67%         3
 Airstrike                Air            0%         2d(1-17)  97%         4
 Olgreb's Toxic Radiance  Pois           1%         N/A       97%         4


Dungeon Overview and Level Annotations

Branches:
Dungeon (6/15)             Temple (1/1) D:6

Altars:
Ashenzari
Cheibriados
Gozag
Hepliaklqana
Kikubaaqudgha
Makhleb
Qazlal
Trog
Vehumet
Wu Jian
Xom
Yredelemnul
Zin

Annotations:
D:5 Dowan, Duvessa


Innate Abilities, Weirdness & Mutations

You have a beak for a mouth.
You have claws for feet.
Your magical nature lets you fly swiftly and evasively.


Message History

You closely miss the water moccasin. Your kick misses the water moccasin.
Your peck misses the water moccasin.
The water moccasin is moderately wounded.
The water moccasin bites you.
You are poisoned.
The water moccasin poisons you!
You hit the water moccasin. Your kick misses the water moccasin.
The water moccasin is heavily wounded.
You feel very sick.
The water moccasin bites you but does no damage.
You miss the water moccasin. Your kick misses the water moccasin.
The water moccasin is heavily wounded.
You feel sick. The water moccasin misses you.
You hit the water moccasin. Your kick misses the water moccasin.
The water moccasin is severely wounded.
You feel sick. The water moccasin closely misses you.
You miss the water moccasin.
The water moccasin is severely wounded.
You feel sick. The water moccasin barely misses you.
The water moccasin bites you.
You barely miss the water moccasin. Your kick misses the water moccasin.
The water moccasin is severely wounded.
You feel sick. The water moccasin closely misses you.
You slash the water moccasin! Your peck misses the water moccasin.
The water moccasin is almost dead.
You feel sick. The water moccasin bites you.
* * * LOW HITPOINT WARNING * * *
You barely miss the water moccasin. You claw the water moccasin.
Your peck misses the water moccasin.
The water moccasin is almost dead.
You feel sick. The water moccasin bites you.
* * * LOW HITPOINT WARNING * * *
You are lethally poisoned!
The water moccasin poisons you!
It was a potion of brilliance.
You feel clever all of a sudden.
* * * LOW HITPOINT WARNING * * *
You feel very sick. The water moccasin bites you.
You die...

#.# ..# .. ##.# .
###..##### ..
###........##
...####....S......#
#. ......##.@...#
##.. #..##.....##
#...# ##...#.....#
...# ##..........# .#
#...........# #
##..........## #
##...........# ###
##..............
..###................


You could see a water moccasin.

Vanquished Creatures
  A water moccasin (D:6)
  An ogre (D:4)
  A necrophage (D:4)
  A bullfrog (D:6)
  A scorpion (D:5)
  An orc priest (D:4)
  2 iguanas
  An orc wizard (D:4)
  3 gnolls (D:4)
  6 adders
  2 adder skeletons (D:2)
  2 worms
  A dart slug (D:5)
  16 orcs
  8 ball pythons
  A bat zombie (D:2)
  7 endoplasms
  5 giant cockroaches
  8 goblins
  9 hobgoblins
  8 kobolds
  7 quokkas
  10 bats
  6 frilled lizards
  A quokka skeleton (D:2)
  7 rats
116 creatures vanquished.

Vanquished Creatures (others)
  2 withered plants (D:2)
2 creatures vanquished.

Grand Total: 118 creatures vanquished

Notes
Turn   | Place    | Note
-------+----------+-------------------------------------------
     0 | D:1      | Leeroy the Tengu Warper began the quest for the Orb.
     0 | D:1      | Reached XP level 1. HP: 12/12 MP: 4/4
   102 | D:1      | Reached skill level 3 in Long Blades
   102 | D:1      | Reached XP level 2. HP: 17/17 MP: 6/6
   413 | D:1      | Reached XP level 3. HP: 21/21 MP: 7/7
   772 | D:2      | Reached skill level 4 in Long Blades
   991 | D:2      | Reached XP level 4. HP: 26/26 MP: 8/8
  1247 | D:3      | Reached skill level 5 in Long Blades
  1323 | D:3      | Found an ornate altar of the Wu Jian Council.
  2163 | D:3      | Gained mutation: Your magical nature lets you fly swiftly
                  | and evasively. [Tengu growth]
  2163 | D:3      | Reached XP level 5. HP: 22/30 MP: 9/9
  2349 | D:4      | Noticed an ogre
  2375 | D:4      | Killed an ogre
  2376 | D:4      | Reached skill level 6 in Long Blades
  2376 | D:4      | Reached XP level 6. HP: 35/35 MP: 10/10
  2456 | D:4      | Reached skill level 7 in Long Blades
  2494 | D:4      | Learned a level 2 spell: Blink
  2498 | D:4      | Learned a level 3 spell: Vhi's Electric Charge
  2503 | D:4      | Learned a level 4 spell: Manifold Assault
  3193 | D:5      | Entered Level 5 of the Dungeon
  3232 | D:5      | Reached skill level 8 in Long Blades
  3232 | D:5      | Reached XP level 7. HP: 36/40 MP: 11/11
  3234 | D:5      | Noticed Duvessa
  3234 | D:5      | Noticed Dowan
  3329 | D:6      | Reached skill level 9 in Long Blades
  3478 | D:6      | Found a staircase to the Ecumenical Temple.
  3491 | Temple   | Entered the Ecumenical Temple
  3820 | D:6      | HP: 1/40 [poisoned by a water moccasin]
  3820 | D:6      | Slain by a water moccasin

Illustrated notes

Levels and vault maps discovered:
D:1:      kennysheep_arrival_forest, layout_rooms
D:2:      layout_rooms, serial_undead, serial_undead_d, serial_undead_b,
          serial_undead_a, serial_undead_c, serial_undead_e
D:3:      layout_loops_ring, mainiacjoe_overflow_boulevard,
          palyth_stone_intersect, minmay_fractal_squares_diagonal_5
D:4:      layout_gridville
D:5:      layout_basic, uniq_duvessa
D:6:      layout_cave_pods, minmay_temple_entry_glass
Temple:   hc_temple_tempest_star

Skill      XL: |  1  2  3  4  5  6  7 |
---------------+----------------------+-----
Long Blades    | 3 4 5 6 8 9 |  9.2
Fighting       | |  2.0
Throwing       | |  1.0
Armour         | |  1.1
Dodging        | |  2.1
Spellcasting   | |  2.0
Translocations | |  2.4

Action                     |  1- 3 |  4- 6 |  7- 9 || total
---------------------------+-------+-------+-------++-------
  Melee: Falchion          |    81 |       |    29 ||   110
         Kick              |    18 |    43 |     6 ||    67
         Punch             |     1 |     3 |       ||     4
         Peck              |     9 |    19 |     7 ||    35
         Dagger            |    11 |   158 |    18 ||   187
  Throw: Boomerang         |       |       |     2 ||     2
         Dart              |       |       |     1 ||     1
         Javelin           |       |       |     1 ||     1
   Cast: Blink             |       |       |     3 ||     3
    Use: Potion            |       |       |     4 ||     4
   Stab: Sleeping          |       |     2 |       ||     2
 Armour: Leather armour    |    32 |    31 |     7 ||    70
  Dodge: Dodged            |    58 |   101 |    34 ||   193

Table legend: (Time is in decaauts)
 A = Elapsed time spent in this place.
 B = Non-inter-level travel time spent in this place.
 C = Inter-level travel time spent in this place.
 D = Time resting spent in this place.
 E = Time spent auto-exploring this place.
 F = Levels seen in this place.
 G = Mean time per level.
                   A        B        C        D        E       F      G
               +--------+--------+--------+--------+--------+-----+--------+
         Total |   3693 |   3592 |    101 |    127 |   2691 |   7 |  527.6 |
       Dungeon |   3473 |   3375 |     98 |    127 |   2485 |   6 |  578.8 |
        Temple |    220 |    218 |      2 |      0 |    206 |   1 |  220.0 |
               +--------+--------+--------+--------+--------+-----+--------+

Top non-repeatable levels by time:
     D:3: 1010 daAuts
     D:4: 868 daAuts
     D:1: 657 daAuts
     D:2: 579 daAuts
     D:6: 266 daAuts
  Temple: 220 daAuts
     D:5: 91 daAuts
